Map: Frozen Temple

Players

SudoSu - Winner!

  • Race: Terran Terran

Gracz

  • Race: Zerg Zerg
  • League: Bronze

VOD

Have the link to the VOD?

Description

Time

  • Played on: Sept. 3, 2016, 11:04 a.m.
  • Length: 11:56
Show
View Real Time Build Order
Export as new Build Order

SudoSu Terran - Winner!

Build Orders:  

Get SALT Encoding   

  12  0:00  SCV  
  13  0:18  Supply Depot, SCV  
  14  0:27  Refinery  
  14  0:31  SCV  
  15  0:45  Barracks  
  15  0:46  SCV  
  16  0:58  SCV  
  17  1:11  SCV  
  18  1:24  SCV  
  19  1:32  Marine  
  20  1:44  Factory  
  20  1:46  SCV  
  21  1:50  Marine  
  22  2:16  Command Center  
  22  2:19  Barracks Reactor  
  22  2:25  Supply Depot  
  22  2:26  Supply Depot  
  22  2:31  Engineering Bay  
  22  2:33  SCV  
  23  2:43  Armory  
  23  2:44  Factory Reactor  
  23  2:48  SCV  
  24  2:58  Marine, Supply Depot  
  24  3:03  SCV  
  26  3:15  SCV  
  27  3:20  Marine x2  
  29  3:28  SCV  
  30  3:38  Marine  
  30  3:39  SCV  
  30  3:40  Marine  
  33  3:47  Barracks, SCV  
  34  3:51  Refinery, SCV  
  35  3:55  Marine  
  35  3:58  Marine  
  35  4:00  SCV  
  38  4:08  SCV  
  39  4:10  Hellbat  
  39  4:12  SCV  
  39  4:13  Marine  
  43  4:18  Marine  
  44  4:25  SCV  
  44  4:28  Hellbat  
  47  4:31  Marine  
  47  4:32  Hellbat  
  47  4:36  Barracks Tech Lab  
  50  4:39  SCV  
  50  4:41  SCV  
  52  4:48  Marine  
  52  4:49  Marine  
  52  4:51  SCV  
  55  5:02  Missile Turret  
  55  5:04  SCV  
  55  5:05  Marine  
  55  5:07  Marine  
  57  5:08  Hellbat  
  57  5:09  Hellbat  
  62  5:23  Missile Turret  
  62  5:32  Supply Depot  
  62  5:33  Supply Depot  
  62  5:34  Supply Depot  
  62  5:43  Missile Turret  
  62  5:53  Marine x2  
  64  6:02  Hellbat x2  
  66  6:11  Marine x2  
  66  6:23  Hellbat x2  
  67  6:29  Marine x2  
  67  6:35  Stimpack  
  67  6:45  Hellbat x2, Supply Depot  
  67  6:46  Supply Depot  
  71  6:47  Barracks, Marine x2  
  73  7:05  Marine x2, Starport  
  73  7:06  Hellbat x2  
  73  7:07  Missile Turret  
  79  7:18  Supply Depot  
  79  7:22  Marine x2  
  79  7:23  Engineering Bay  
  79  7:24  Terran Infantry Weapons Level 1  
  79  7:27  Hellbat  
  79  7:28  Hellbat, Missile Turret  
  85  7:40  Marine x2  
  85  7:42  Barracks Tech Lab  
  87  7:49  Hellbat x2  
  87  7:50  Missile Turret  
  91  7:58  Marine x2  
  89  8:10  Hellbat x2  
  93  8:16  Marine x2  
  95  8:32  Hellbat x2  
  95  8:34  Marine x2  
  94  8:51  Marine x2  
  94  8:53  Hellbat x2  
  97  9:14  Hellbat, Orbital Command  
  97  9:15  Orbital Command  
  94  9:32  Marine x2  
  94  9:34  Hellbat  
  94  9:36  Hellbat  
  100  9:49  Marine  
  100  9:50  Marine  
  101  9:56  Hellbat  
  101  9:57  Hellbat  
  105  10:07  Marine  
  105  10:08  Marine  
  107  10:17  Hellbat  
  109  10:25  Marine  
  110  11:15  Supply Depot  
  110  11:20  Supply Depot  
  110  11:27  Supply Depot  
  110  11:36  Marine x2  
Show
View Real Time Build Order
Export as new Build Order

Gracz Zerg 

Build Orders: Pool First 

Get SALT Encoding   

  12  0:21  Drone x2  
  14  0:25  Extractor  
  14  0:26  Drone  
  15  0:39  Spawning Pool  
  14  0:43  Extractor  
  14  0:44  Drone  
  15  1:00  Overlord x2  
  15  1:02  Extractor  
  14  1:22  Drone x2  
  16  1:29  Drone  
  16  1:30  Queen  
  19  2:11  Drone x3  
  19  2:12  Metabolic Boost  
  22  2:20  Queen  
  24  2:23  Hatchery  
  24  2:25  Extractor  
  22  2:50  Drone  
  22  2:51  Drone x2  
  25  2:56  Roach Warren  
  24  3:13  Queen  
  26  3:25  Drone x3  
  29  3:44  Drone x2  
  31  4:09  Lair  
  31  4:11  Queen  
  31  4:12  Drone x3  
  31  4:15  Extractor  
  35  4:17  Extractor  
  34  4:37  Drone x2  
  36  4:50  Overlord  
  36  5:06  Hatchery  
  35  5:08  Queen  
  37  5:33  Overlord x3  
  37  5:59  Roach x7  
  39  6:31  Roach x4  
  43  7:06  Spire  
  42  7:10  Evolution Chamber  
  41  7:21  Evolution Chamber  
  41  7:22  Drone x3  
  43  7:25  Drone x2  
  43  7:26  Drone  
  43  7:27  Queen  
  43  7:29  Queen  
  48  7:31  Queen  
  50  8:03  Queen  
  50  8:05  Roach x2  
  42  8:06  Roach x4  
  22  8:47  Mutalisk  
  22  8:48  Mutalisk x3  
  25  9:24  Mutalisk x3  
  13  10:09  Hatchery  
  12  11:25  Drone  
Tags
 
Add a new tag
Caveats
  • Supply blocks, unpowered buildings, or Contaminate may cause inaccurate times.
  • Supply counts are checked every 10 seconds.